 Dungeon Crawl Stone Soup version 0.29.0-7-g18a832c13a (webtiles) character file.

Game seed: 1728795371629061066

65312 gelatine the Thaumaturge (level 14, -15/96 HPs)
             Began as a Demonspawn Summoner on Aug 31, 2022.
             Was an Initiate of Gozag.
             Demolished by a rockslime (36 damage)
             ... on level 1 of the Pits of Slime.
             The game lasted 02:03:10 (27217 turns).

gelatine the Thaumaturge (Demonspawn Summoner)     Turns: 27217, Time: 02:03:12

Health: -15/96     AC: 25    Str: 20    XL:     14   Next: 75%
Magic:  17/32      EV: 13    Int: 22    God:    Gozag
Gold:   3093       SH: 15    Dex: 17    Spells: 8/41 levels left

rFire   + . .      SeeInvis +   t - +9 spear of Bodily Harmony {drain, Str+4 Dex+6}
rCold   . . .      Faith    .   J - +5 kite shield of Card Tricks {rF+ Will+++ rCorr Dex-3}
rNeg    + . .      Spirit   .   K - +2 robe {rN+}
rPois   +          Reflect  .   b - +3 crown of Dyrovepreva {rElec Int+2 SInv}
rElec   +          Harm     .   e - +2 cloak
rCorr   +          Rampage  .   (no gloves)
Will    ++++.                   R - +2 pair of boots
Stlth   ++++......              (no amulet)
HPRegen 0.26/turn               v - ring of poison resistance
MPRegen 0.23/turn               I - +6 ring of strength

@: sanguine armoured
A: antennae 2, demonic guardian 2, sanguine armour 3, demonic magic 1
a: Renounce Religion, Potion Petition, Call Merchant, Bribe Branch


You were on level 1 of the Pits of Slime.
You worshipped Gozag.
Gozag was most pleased with you.
You visited 7 branches of the dungeon, and saw 22 of its levels.
You also visited: Sewer.

You collected 5446 gold pieces.
You spent 1919 gold pieces at shops.
You paid 434 gold pieces to Gozag.

Inventory:

Hand Weapons
 k - a +2 arbalest of flaming
 t - the +9 spear of Bodily Harmony (weapon) {drain, Str+4 Dex+6}
   (You found it on level 3 of the Dungeon)

   A truly terrible weapon, it drains the life of any living foe it strikes.
   Str:       It affects your strength (+4).
   Dex:       It affects your dexterity (+6).
Missiles
 d - 7 boomerangs
 L - 5 throwing nets
 Y - 32 poisoned darts
Armour
 b - the +3 crown of Dyrovepreva (worn) {rElec Int+2 SInv}
   (You bought it in a shop on level 2 of the Orcish Mines)

   Int:       It affects your intelligence (+2).
   rElec:     It insulates you from electricity.
   SInv:      It lets you see invisible.
 e - a +2 cloak (worn)
 J - the +5 kite shield of Card Tricks (worn) {rF+ Will+++ rCorr Dex-3}
   (You found it on level 6 of the Dungeon)

   Dex:       It affects your dexterity (-3).
   rF:        It protects you from fire.
   rCorr:     It protects you from acid and corrosion.
   Will:      It greatly increases your willpower.
 K - a +2 robe of positive energy (worn)
 R - a +2 pair of boots (worn)
Magical Staves
 G - a staff of air
 H - a staff of death
 P - a staff of earth
Jewellery
 m - a ring of ice
 v - a ring of poison resistance (left hand)
 I - a +6 ring of strength (right hand)
 V - a +6 ring of strength
Wands
 u - a wand of flame (40)
 y - a wand of acid (15)
 E - a wand of charming (25)
 F - a wand of iceblast (9)
 S - a wand of mindburst (5)
 T - a wand of polymorph (7)
 W - a wand of digging (5)
Scrolls
 c - 3 scrolls of enchant weapon
 f - 3 scrolls of fear
 l - 4 scrolls of poison
 o - a scroll of immolation
 p - 3 scrolls of fog
 r - a scroll of brand weapon
 A - 2 scrolls of blinking
 M - 11 scrolls of teleportation
 U - 2 scrolls of amnesia
 X - a scroll of silence
 Z - 2 scrolls of magic mapping
Potions
 a - 2 potions of haste
 g - 6 potions of flight
 i - 4 potions of curing
 j - 2 potions of berserk rage
 n - 5 potions of brilliance
 s - 2 potions of invisibility
 w - a potion of heal wounds
 x - a potion of attraction
 B - 3 potions of ambrosia
 C - 3 potions of cancellation {unknown}
 D - 5 potions of lignification
 N - 2 potions of might {unknown}
 O - 5 potions of mutation {unknown}
 Q - 2 potions of resistance {unknown}
Miscellaneous
 h - a condenser vane (inert)
 q - a phantom mirror (inert)
 z - a piece from Xom's chessboard (15/15)


   Skills:
 + Level 4.7 Fighting
 + Level 1.3 Short Blades
 + Level 7.1 Polearms
 + Level 0.3 Throwing
 + Level 5.4 Dodging
 + Level 8.3 Stealth
 + Level 4.5 Shields
 + Level 14.0 Spellcasting
 + Level 0.3 Conjurations
 + Level 3.6 Hexes
 + Level 12.8 Summonings
 + Level 0.8 Transmutations
 + Level 8.9 Air Magic
 + Level 3.8 Poison Magic
 + Level 0.7 Evocations


You had 8 spell levels left.
You knew the following spells:

 Your Spells              Type           Power      Damage    Failure   Level
a - Summon Small Mammal   Summ           100%       N/A       1%          1
b - Call Imp              Summ           64%        N/A       1%          2
c - Call Canine Familiar  Summ           64%        N/A       1%          3
d - Summon Guardian Gole  Hex/Summ       51%        N/A       1%          3
e - Summon Lightning Spi  Summ/Air       59%        N/A       1%          4
f - Wereblood             Tmut           19%        N/A       12%         2
g - Mephitic Cloud        Conj/Pois/Air  34%        N/A       6%          3
h - Summon Mana Viper     Hex/Summ       51%        N/A       11%         5
i - Summon Cactus Giant   Summ           32%        N/A       9%          6
j - Airstrike             Air            26%        2d(4-20)  3%          4

Your spell library contained the following spells:

 Spells                   Type           Power      Damage    Failure   Level
 Poisonous Vapours        Pois/Air       86%        N/A       1%          2
 Swiftness                Air            53%        N/A       1%          3
 Sting                    Tmut/Pois      100%       1d8       4%          1
 Magic Dart               Conj           68%        1d6       10%         1
 Searing Ray              Conj           34%        2d5       16%         2
 Dazzling Flash           Conj/Hex       48%        N/A       16%         3
 Blink                    Tloc           30%        N/A       17%         2
 Sublimation of Blood     Necr           15%        N/A       17%         2
 Ignite Poison            Fire/Tmut/Pois 22%        N/A       19%         3
 Summon Forest            Summ/Tloc      21%        N/A       22%         5
 Olgreb's Toxic Radiance  Pois           32%        N/A       24%         4
 Gell's Gravitas          Tloc           15%        N/A       34%         3
 Lesser Beckoning         Tloc           15%        N/A       34%         3
 Teleport Other           Tloc           15%        N/A       34%         3
 Lightning Bolt           Conj/Air       18%        1d32      43%         5
 Fulminant Prism          Conj/Hex       12%        3d9       45%         4
 Summon Hydra             Summ           32%        N/A       45%         7
 Ice Form                 Ice/Tmut       17%        N/A       67%         4
 Petrify                  Tmut/Erth      17%        N/A       67%         4
 Hailstorm                Conj/Ice       16%        3d6       71%         4
 Iskenderun's Mystic Bla  Conj/Tloc      16%        2d5       71%         4
 Alistair's Intoxication  Tmut/Pois      16%        N/A       77%         5
 Metabolic Englaciation   Hex/Ice        11%        N/A       83%         5
 Manifold Assault         Tloc           15%        N/A       97%         5
 Starburst                Conj/Fire      8%         6d4       100%        6
 Statue Form              Tmut/Erth      11%        N/A       100%        6
 Ozocubu's Refrigeration  Ice            7%         4d9       100%        7
 Storm Form               Tmut/Air       18%        N/A       100%        7
 Ignition                 Fire           7%         3d5       100%        8
 Maxwell's Capacitive Co  Air            26%        ∞         100%        8
 Fire Storm               Conj/Fire      8%         8d2       100%        9
 Corpse Rot               Necr/Pois/Air  Unusable   N/A       N/A         4
 Simulacrum               Ice/Necr       Unusable   N/A       N/A         6

Dungeon Overview and Level Annotations

Branches:
Dungeon (12/15)            Temple (0/1) D:4            Lair (4/5) D:9
  Swamp (1/4) Lair:2        Snake (1/4) Lair:2        Slime (1/5) Lair:4
    Orc (2/2) D:12            Elf (1/3) Orc:2         Sewer (visited)

Altars:
Fedhas
Gozag
Kikubaaqudgha
Nemelex Xobeh
Trog
Vehumet
Wu Jian
Jiyva

Shops:
D:6 *   Orc:1 :   Orc:2 :*([[(*[   Snake:1 *

Portals:
Trove: D:10 (give 2 scrolls of acquirement)

Annotations:
D:8 3 runed translucent doors, TheOneDM's ghost, novice MiFi
Lair:2 exclusion: oklob plant
Elf:1 Asterion


Innate Abilities, Weirdness & Mutations

You have a pair of antennae on your head.
A demonic guardian rushes to your aid.
When seriously injured, your blood forms very thick armour. (AC +12)
Spells you cast may paralyse adjacent enemies.


Message History

The slime creature hits you!
* * * LOW HITPOINT WARNING * * *
You block the rockslime's attack.
Your crimson imp hits the rockslime but does no damage.
You swap places.
The slime creature is no longer paralysed.
Your wolf bites the rockslime!
The slime creature barely misses your wolf.
The slime creature hits your wolf!
Your wolf bites the rockslime but does no damage.
The rockslime hits your wolf!
Your wolf holds its ground!
Your crimson imp hits the rockslime but does no damage.
Reach: t) +9 spear of Bodily Harmony {drain, Str+4 Dex+6}
Press: ? - help, Dir - move target, f - slime creature
Aim: a slime creature (about 12% to evade the +9 spear of Bodily Harmony)
You reach to attack!
You hit the slime creature. You drain the slime creature.
The slime creature is lightly wounded.
Your wolf bites the rockslime but does no damage.
The slime creature hits your wolf! The slime creature misses your wolf.
The rockslime hits your wolf!!
Your wolf holds its ground!
Your wolf dies!
Your wolf's corpse disappears in a puff of smoke!
Casting: Summon Guardian Golem (safe; 1% risk of failure)
Confirm with . or Enter, or press ? or * to list all spells.
An electric hum fills the air.
Malevolent energies surge around you.
Your guardian golem overheats!
Your crimson imp hits the rockslime.
Two slime creatures merge to form a large slime creature.
The walls burn your lightning spire! The walls burn your lightning spire!
Your lightning spire shoots out a bolt of lightning at the large slime creature!
The bolt of electricity hits the large slime creature!
Casting: Summon Lightning Spire (mildly dangerous; 1% risk of failure)
Confirm with . or Enter, or press ? or * to list all spells.
Malevolent energies surge around you.
The rockslime hits you but does no damage.
Your crimson imp hits the large slime creature.
The walls burn your lightning spire! The rockslime hits you!!!
You die...
Your body crumbles into a pile of gold.

##.............
#..............
#...............
#..>....$§......
#......§.......
##.....§5.##....
#.....§9J8#.....
#.....h§J.......
##.#....@.......
#...............
#.<.........#...
#...............
##.............#
##.#.........##
##........###
##.......#
....#....


You could see a large slime creature (drained, ally target), a rockslime (ally
target), a friendly guardian golem (summoned, inner flame), a friendly warg
(summoned, sheltered), a friendly lightning spire (summoned, sheltered) and a
friendly crimson imp (summoned, sheltered).

Vanquished Creatures
  Gastronok (Lair:2)
  An orc warlord (Orc:2)
  3 hydras (Lair:3)
  An alligator (Swamp:1)
  2 two-headed ogres
  An ogre mage (Orc:2)
  A naga warrior (Snake:1)
  2 anacondas (Snake:1)
  4 death yaks
  A shock serpent (Snake:1)
  A naga sharpshooter (Snake:1)
  An orc high priest (Orc:2)
  A deep elf knight (Orc:2)
  Nergalle (Lair:1)
  A goliath frog (Swamp:1)
  Pikel (D:6)
  A mana viper (Snake:1)
  A deep elf pyromancer (Orc:2)
  A salamander (Snake:1)
  A manticore (D:11)
  7 black mambas
  Maggie (Lair:1)
  10 cane toads
  A nameless horror (Lair:2)
  3 rime drakes
  6 komodo dragons
  2 kobold demonologists (D:11)
  A meliai (D:11)
  A troll (Orc:2)
  2 hornets
  2 slime creatures (Slime:1)
  3 blink frogs (Lair:4)
  Grinder (D:6)
  Sigmund (D:3)
  2 wyverns (Lair:2)
  2 wraiths (Orc:2)
  5 yaks
  4 hogs (Lair:3)
  2 basilisks
  A swamp worm (Swamp:1)
  2 acid dragons
  6 nagas (Snake:1)
  12 water moccasins
  10 orc warriors
  A sky beast (D:6)
  A black bear (D:7)
  3 ogres (Orc:2)
  2 wolves (Lair:2)
  A centaur (D:12)
  A phantom (D:7)
  8 bullfrogs
  A necrophage (D:7)
  2 wights (D:8)
  6 killer bees (D:7)
  A howler monkey (D:9)
  A centaur zombie (D:7)
  A lava snake (D:10)
  A human zombie (D:7)
  2 hounds
  A gnoll bouda (D:8)
  8 orc priests
  A jelly (D:5)
  2 iguanas
  10 orc wizards
  A killer bee zombie (D:7)
  5 gnolls
  3 adders
  A shadow imp (D:8)
  A white imp (D:7)
  A dart slug (D:4)
  17 orcs
  3 ball pythons
  6 bats
  5 endoplasms
  4 giant cockroaches (D:1)
  7 goblins
  6 hobgoblins
  2 quokkas
  12 kobolds
  2 rats
244 creatures vanquished.

Vanquished Creatures (collateral kills)
  Kirke (Lair:3)
  An eleionoma (Swamp:1)
  Josephine (Orc:2)
  Harold (Lair:1)
  2 hydras
  A two-headed ogre (D:11)
  5 death yaks
  A naga warrior (Snake:1)
  2 naga sharpshooters (Snake:1)
  A shock serpent (Snake:1)
  A swamp dragon (Swamp:1)
  4 orc knights
  A deep elf pyromancer (D:12)
  4 orc sorcerers
  2 salamanders (Snake:1)
  An ugly thing (D:12)
  A manticore (D:11)
  A guardian serpent (Snake:1)
  A cane toad (Lair:1)
  A gargoyle (D:11)
  2 komodo dragons (Lair:1)
  3 trolls
  4 slime creatures (D:12)
  A hornet (Swamp:1)
  2 wraiths (Orc:2)
  A spriggan (Swamp:1)
  A shadow (D:12)
  A nameless horror (Lair:1)
  A wyvern (D:10)
  A hog (Lair:3)
  5 yaks
  A steam dragon (D:7)
  A naga (Snake:1)
  A warg (Orc:2)
  13 orc warriors
  3 black bears
  5 water moccasins
  7 ogres
  2 wolves (Lair:2)
  2 centaurs
  A lemure (D:6)
  2 kobold brigands (D:10)
  5 necrophages
  3 wights (D:8)
  2 killer bees (D:7)
  2 howler monkeys
  A centaur zombie (D:7)
  2 gnoll boudas
  5 orc priests
  An iguana (D:6)
  9 orc wizards
  3 killer bee zombies (D:7)
  2 mummies (D:7)
  6 gnolls
  2 adders
  A shadow imp (D:6)
  An ufetubus (D:6)
  3 dart slugs
  26 orcs
  A ball python (D:4)
  6 bats
  5 endoplasms
  9 kobolds
  3 quokkas
  A frilled lizard (D:1)
  2 goblins
  2 rats
196 creatures vanquished.

Vanquished Creatures (others)
  Rupert (Snake:1)
  A hydra (Lair:1)
  A centaur warrior (D:11)
  A death yak (Lair:1)
  Amaemon (D:8)
  A spriggan druid (Swamp:1)
  A deep elf zephyrmancer (Orc:2)
  An orc knight (Orc:2)
  An orc sorcerer (Orc:2)
  An orange demon (D:8)
  A troll (D:11)
  2 slime creatures (D:12)
  6 orc warriors
  A gnoll bouda (D:5)
  An orc (D:12)
  50 fungi
  35 plants
106 creatures vanquished.

Grand Total: 546 creatures vanquished

Notes
Turn   | Place    | Note
-------+----------+-------------------------------------------
     0 | D:1      | gelatine the Demonspawn Summoner began the quest for the
                  | Orb.
     0 | D:1      | Reached XP level 1. HP: 13/13 MP: 3/3
   470 | D:1      | Gained mutation: Spells you cast may paralyse adjacent
                  | enemies. [demonic ancestry]
   470 | D:1      | Reached XP level 2. HP: 18/19 MP: 1/5
   590 | D:1      | Learned a level 2 spell: Call Imp
  1041 | D:1      | Gained mutation: When seriously injured, your blood forms
                  | armour. (AC +12) [demonic ancestry]
  1041 | D:1      | Reached XP level 3. HP: 22/24 MP: 0/6
  1301 | D:1      | Found a faded altar of an unknown god.
  1570 | D:1      | Prayed at the altar of an unknown god.
  1570 | D:1      | Became a worshipper of Gozag Ym Sagoz the Greedy
  1949 | D:2      | Learned a level 3 spell: Call Canine Familiar
  2121 | D:2      | Found a bloodstained altar of Trog.
  2424 | D:2      | Gained mutation: When seriously injured, your blood forms
                  | thick armour. (AC +12) [demonic ancestry]
  2424 | D:2      | Reached XP level 4. HP: 29/30 MP: 8/8
  2974 | D:3      | Found a sparkling altar of Nemelex Xobeh.
  3258 | D:3      | Identified the +9 spear of Bodily Harmony {drain, Str+4
                  | Dex+6}
  3279 | D:3      | Noticed Sigmund
  3307 | D:3      | Killed Sigmund
  3308 | D:3      | Reached skill level 1 in Short Blades
  3308 | D:3      | Reached skill level 3 in Spellcasting
  3308 | D:3      | Reached skill level 5 in Summonings
  3308 | D:3      | Gained mutation: A weak demonic guardian rushes to your
                  | aid. [demonic ancestry]
  3308 | D:3      | Reached XP level 5. HP: 29/36 MP: 3/10
  3642 | D:4      | Gained mutation: When seriously injured, your blood forms
                  | very thick armour. (AC +12) [demonic ancestry]
  3642 | D:4      | Reached XP level 6. HP: 42/42 MP: 11/11
  3949 | D:4      | Found a staircase to the Ecumenical Temple.
  4149 | D:4      | Found a radiant altar of Vehumet.
  4235 | D:4      | Found a blossoming altar of Fedhas.
  4239 | D:4      | Found an ornate altar of the Wu Jian Council.
  4337 | D:5      | Entered Level 5 of the Dungeon
  4376 | D:5      | Reached skill level 1 in Fighting
  4486 | D:5      | Reached skill level 1 in Polearms
  4711 | D:5      | Noticed a hornet
  4723 | D:5      | Killed a hornet
  4724 | D:5      | Reached skill level 4 in Spellcasting
  4724 | D:5      | Reached XP level 7. HP: 48/48 MP: 5/13
  4732 | D:5      | Learned a level 3 spell: Summon Guardian Golem
  4737 | D:5      | Learned a level 4 spell: Summon Lightning Spire
  5539 | D:6      | Reached skill level 5 in Spellcasting
  5539 | D:6      | Reached XP level 8. HP: 51/54 MP: 15/15
  5630 | D:6      | Identified the +5 kite shield of Card Tricks {rF+ Will+++
                  | rCorr Dex-3}
  5901 | D:6      | Found Xytic's Serpentskin Sales.
  5919 | D:6      | Noticed Pikel
  5942 | D:6      | Killed Pikel
  5943 | D:6      | Reached skill level 1 in Shields
  6053 | D:6      | Found a glowing drain.
  6062 | Sewer    | Entered a sewer
  6209 | D:6      | Noticed Grinder
  6215 | D:6      | Killed Grinder
  6216 | D:6      | Reached skill level 5 in Stealth
  6216 | D:6      | Reached skill level 1 in Hexes
  6219 | D:6      | Reached skill level 6 in Spellcasting
  6219 | D:6      | Gained mutation: A demonic guardian rushes to your aid.
                  | [demonic ancestry]
  6219 | D:6      | Reached XP level 9. HP: 61/61 MP: 9/18
  6310 | D:6      | Reached skill level 1 in Air Magic
  6642 | D:6      | Got the Compilation of Charred Shapeshifting
  7960 | D:7      | Found an ancient bone altar of Kikubaaqudgha.
  8130 | D:8      | Reached XP level 10. HP: 10/68 MP: 3/19
  8532 | D:8      | Noticed Amaemon
  8533 | D:8      | Noticed an orange demon
  8546 | D:8      | Killed an orange demon
  8547 | D:8      | Killed Amaemon
  8548 | D:8      | Reached skill level 7 in Spellcasting
  9248 | D:8      | Noticed a two-headed ogre
  9265 | D:8      | Killed a two-headed ogre
  9277 | D:8      | Found a runed translucent gate.
  9277 | D:8      | Found a runed translucent gate.
  9342 | D:8      | Found a runed translucent gate.
  9342 | D:8      | Noticed TheOneDM's ghost (novice MiFi)
  9409 | D:8      | Learned a level 2 spell: Wereblood
  9413 | D:8      | Learned a level 3 spell: Mephitic Cloud
  9820 | D:8      | Found a viscous altar of Jiyva.
 10023 | D:9      | Noticed a two-headed ogre
 10035 | D:9      | Killed a two-headed ogre
 10036 | D:9      | Reached skill level 5 in Air Magic
 10458 | D:9      | Reached skill level 8 in Spellcasting
 10464 | D:9      | Reached XP level 11. HP: 75/75 MP: 2/23
 10685 | D:9      | Found a staircase to the Lair.
 10896 | D:10     | Entered Level 10 of the Dungeon
 11208 | D:10     | Found a portal to a secret trove of treasure.
 11520 | D:10     | Reached skill level 5 in Polearms
 12293 | D:11     | Noticed a two-headed ogre
 12302 | D:11     | Killed a two-headed ogre
 12381 | D:11     | Noticed a four-headed hydra
 12404 | D:11     | Noticed a centaur warrior
 12447 | D:11     | Killed a centaur warrior
 12448 | D:11     | Reached skill level 9 in Spellcasting
 12857 | D:11     | Killed a four-headed hydra
 13572 | D:12     | Noticed a deep elf pyromancer
 13581 | D:12     | Killed a deep elf pyromancer
 13582 | D:12     | Reached skill level 10 in Summonings
 13866 | D:12     | Noticed a cyan ugly thing
 13878 | D:12     | Killed a cyan ugly thing
 14105 | D:12     | Gained mutation: You have a pair of small antennae on your
                  | head. [demonic ancestry]
 14105 | D:12     | Reached XP level 12. HP: 80/81 MP: 20/25
 14121 | D:12     | Noticed a four-headed hydra
 14127 | D:12     | Killed a four-headed hydra
 14498 | D:12     | Found a staircase to the Orcish Mines.
 15073 | Orc:1    | Entered Level 1 of the Orcish Mines
 15088 | Orc:1    | Reached skill level 10 in Spellcasting
 15477 | Orc:1    | Found Jaam's Self-Improvement Boutique.
 16017 | Orc:2    | Entered Level 2 of the Orcish Mines
 16054 | Orc:2    | Found Xoxum's General Store.
 16069 | Orc:2    | Noticed an orc high priest
 16085 | Orc:2    | Killed an orc high priest
 16389 | Orc:2    | Found Oxoamin's Antique Armour Emporium.
 16466 | Orc:2    | Bought the +3 crown of Dyrovepreva {rElec Int+2 SInv} for
                  | 1242 gold pieces
 16466 | Orc:2    | Found the +3 crown of Dyrovepreva {rElec Int+2 SInv}
 16535 | Orc:2    | Found Kesedu's Antique Weapon Emporium.
 16577 | Orc:2    | Reached skill level 1 in Poison Magic
 16655 | Orc:2    | Found Xockur's Armour Boutique.
 16669 | Orc:2    | Found a staircase to the Elven Halls.
 16718 | Orc:2    | Noticed an orc warlord
 16939 | Orc:2    | Noticed an ogre mage
 16961 | Orc:2    | Killed an ogre mage
 16982 | Orc:2    | Noticed Josephine
 17017 | Orc:2    | Killed Josephine
 17018 | Orc:2    | Reached skill level 11 in Spellcasting
 17245 | Orc:2    | Killed an orc warlord
 17695 | Orc:2    | Found Nyexib's Book Shoppe.
 17703 | Orc:2    | Bought a book of the Wilderness for 418 gold pieces
 17709 | Orc:2    | Learned a level 5 spell: Summon Mana Viper
 17716 | Orc:2    | Learned a level 6 spell: Summon Cactus Giant
 17934 | Orc:2    | Reached XP level 13. HP: 87/87 MP: 1/28
 18151 | Orc:2    | Found Sipn's Antique Weapon Emporium.
 18382 | Orc:2    | Found Cumn's General Store.
 18391 | Orc:2    | Bought a potion of heal wounds for 70 gold pieces
 18449 | Orc:2    | Found Bierhiaj's Antique Armour Shoppe.
 18517 | Elf:1    | Entered Level 1 of the Elven Halls
 18518 | Elf:1    | Noticed Asterion
 18520 | Elf:1    | Noticed a cacodemon
 18836 | Lair:1   | Entered Level 1 of the Lair of Beasts
 19208 | Lair:1   | Noticed Nergalle
 19224 | Lair:1   | Killed Nergalle
 19670 | Lair:1   | Noticed Maggie
 19685 | Lair:1   | Killed Maggie
 19785 | Lair:1   | Noticed Harold
 19801 | Lair:1   | Killed Harold
 20207 | Lair:1   | Reached skill level 5 in Dodging
 20531 | Lair:1   | Learned a level 4 spell: Airstrike
 20562 | Lair:2   | Found a staircase to the Swamp.
 20767 | Lair:2   | Found a staircase to the Snake Pit.
 20777 | Lair:2   | Reached skill level 12 in Spellcasting
 20856 | Lair:2   | Noticed Gastronok
 20870 | Lair:2   | Killed Gastronok
 22030 | Swamp:1  | Entered Level 1 of the Swamp
 22269 | Swamp:1  | Noticed an eleionoma
 22531 | Swamp:1  | Killed an eleionoma
 22794 | Snake:1  | Entered Level 1 of the Snake Pit
 23008 | Snake:1  | Noticed Rupert
 23047 | Snake:1  | Killed Rupert
 23048 | Snake:1  | Gained mutation: You have a pair of antennae on your head.
                  | [demonic ancestry]
 23048 | Snake:1  | Reached XP level 14. HP: 95/95 MP: 2/30
 23793 | Snake:1  | Reached skill level 13 in Spellcasting
 23828 | Snake:1  | Bought a scroll of identify for 54 gold pieces
 23828 | Snake:1  | Bought a potion of heal wounds for 135 gold pieces
 25069 | Lair:3   | Got Toseqits's Almanac of Feathers
 25245 | Lair:3   | Noticed Kirke
 25265 | Lair:3   | Killed Kirke
 27036 | Lair:4   | Reached skill level 14 in Spellcasting
 27172 | Lair:4   | Found a staircase to the Slime Pits.
 27183 | Slime:1  | Entered Level 1 of the Pits of Slime
 27200 | Slime:1  | Noticed a rockslime
 27217 | Slime:1  | Demolished by a rockslime

Illustrated notes

Levels and vault maps discovered:
D:1:      dpeg_arrival_boxes_within_box, layout_basic,
          shapermc_ecumenical_altar_mp_ritualfount
D:2:      layout_basic, basic_altar, chequers_serial_rivers_micro_c
D:3:      layout_loops_ring, nemelex_xobeh_ov_fountains_minmay,
          serial_co_window_serial, co_window_paths_a, co_window_paths_a,
          co_window_paths_a, co_window_paths_a, co_window_paths_b,
          co_window_corner_a, co_window_paths_a, co_window_corner_b,
          co_window_unsneaky_path_e, co_window_2corner, glass_columns_b,
          minmay_surrounded, uniq_sigmund
D:4:      layout_rooms, vehumet_crystals, minitemple,
          minmay_temple_entry_statues_fountains
D:5:      layout_loops_ring
D:6:      layout_basic, portal_sewer_entry_d, guppyfry_shop_venom, uniq_grinder,
          uniq_pikel
D:7:      layout_cave_pools, lemuel_mausoleum_altar_kikubaaqudgha,
          corexii_item_surrounded_by_moat, chequers_serial_rivers_micro_d,
          eino_jars
D:8:      layout_cave_pods, gammafunk_ghost_ooze, uniq_amaemon
D:9:      layout_rooms, david_lair_shrubbed, st_stairs_9
D:10:     layout_cave_pools, enter_trove_2, kennysheep_minor_cross
D:11:     layout_gridville, serial_rivers, chequers_serial_rivers_small_b,
          chequers_serial_rivers_micro_e, chequers_serial_rivers_small_a,
          chequers_serial_rivers_micro_a, chequers_serial_rivers_large_a,
          chequers_serial_rivers_small_a, minmay_diamond_spiral
D:12:     layout_layer_cave, minmay_orc_entry_temple_small
Lair:1:   layout_roguey, minivault_24, serial_bayou_shore_b,
          infiniplex_staircase_pool_2, serial_bayou_shore_a, uniq_maggie,
          uniq_nergalle, uniq_harold
Lair:2:   layout_regular_city, swamp_mist, dummy_snake_entry, st_stairs_4,
          grunt_megastairs_4, uniq_gastronok
Lair:3:   layout_long_grid, grunt_megastairs_3, uniq_kirke
Lair:4:   layout_misc_corridors, slime_entry_1, hangedman_tree_tricks,
          grunt_megastairs_5, lemuel_fruit_tree, uniq_snorg
Swamp:1:  layout_basic_swamp, evilmike_swamp_ruin_house_5, swamp_pool4,
          nicolae_swamp_baby_hydras
Snake:1:  layout_onion, uniq_rupert
Slime:1:  layout_caves
Orc:1:    layout_diamond_mine, nicolae_shop_self_help
Orc:2:    grunt_orc_gardens, layout_caves, grunt_orc_garden, grunt_orc_garden,
          grunt_orc_garden, grunt_orc_garden, serial_shops,
          nicolae_lakefront_shop, nicolae_shop_hallway_plus, shop, shop,
          mines4_lemuel, uniq_josephine
Elf:1:    eino_elf_arrival_shootout, layout_geoelf_octagon, serial_shops, shop,
          shop, shop, uniq_asterion

Skill      XL: |  1  2  3  4  5  6  7  8  9 10 11 12 13 14 |
---------------+-------------------------------------------+-----
Dodging        | 2 3 4 5 |  5.4
Short Blades   | 1 |  1.3
Stealth        | 2 3 4 5 6 7 8 |  8.3
Spellcasting   | 3 4 5 6 8 9 11 12 14 | 14.0
Summonings     | 5 6 7 9 10 11 12 | 12.8
Fighting       | 1 2 3 4 |  4.7
Polearms       | 1 2 3 4 5 6 7 |  7.1
Shields        | 1 2 3 4 |  4.5
Hexes          | 1 2 3 |  3.6
Air Magic      | 3 5 6 7 8 |  8.9
Poison Magic   | 3 |  3.8
Throwing       | |  0.3
Conjurations   | |  0.3
Transmutations | |  0.8
Evocations     | |  0.7

Action                   |  1- 3 |  4- 6 |  7- 9 | 10-12 | 13-15 || total
-------------------------+-------+-------+-------+-------+-------++-------
Melee: Unarmed           |     8 |       |       |       |       ||     8
       Short sword       |    78 |    17 |       |       |       ||    95
       Spear             |       |    50 |   110 |   288 |   318 ||   766
Throw: Boomerang         |       |       |       |     6 |       ||     6
 Cast: Summon Small Mamm |    31 |    14 |    31 |   109 |    18 ||   203
       Call Imp          |     6 |     8 |    18 |    61 |    27 ||   120
       Call Canine Famil |     1 |    11 |    19 |    63 |    29 ||   123
       Summon Guardian G |       |       |    12 |    39 |    14 ||    65
       Summon Lightning  |       |       |     4 |    39 |    15 ||    58
       Mephitic Cloud    |       |       |       |     9 |     3 ||    12
       Wereblood         |       |       |       |     8 |     1 ||     9
       Summon Cactus Gia |       |       |       |     2 |     9 ||    11
       Summon Mana Viper |       |       |       |     1 |     6 ||     7
       Airstrike         |       |       |       |       |   161 ||   161
Invok: Call Merchant     |       |       |       |       |     1 ||     1
Evoke: Wand              |       |       |       |     6 |     1 ||     7
       Phantom mirror    |       |       |       |     1 |     1 ||     2
       Condenser vane    |       |       |       |       |     1 ||     1
  Use: Scroll            |     3 |     7 |     7 |     9 |     4 ||    30
       Potion            |       |       |       |     3 |     6 ||     9
 Stab: Paralysed         |     2 |     4 |    25 |    39 |    20 ||    90
       Sleeping          |     1 |     4 |     6 |       |     2 ||    13
       Distracted        |       |     2 |       |     9 |    14 ||    25
       Confused          |       |       |       |     1 |     2 ||     3
Armor: Robe              |    32 |    10 |    27 |    37 |    77 ||   183
Dodge: Dodged            |    64 |    26 |    36 |    58 |    96 ||   280
Block: Buckler           |       |     2 |     1 |       |       ||     3
       Kite shield       |       |       |    62 |   150 |   201 ||   413
